Amaryllis, chaotic female human Rogue --- --- ------- |..------- --.-- -- ------ |.....| |...|.|..| |.>.| --.--..|.-- |.....| ---......-- --..-- |.........| ---.--| --......--- - |...| --.......- ---...| |........| -- . ---.| |....*..-- |...-.| ----.......| .---.---- |.| --......-- |.....-- ----.--....|.-- ---.........- |.| --........| --.....|---........----- --.|...... |.| |.........-------.....--..........|--- |.......- |.| |..............|........-....--...--.----.......--- | |.| ---.....................%.............@.................| |.| |...--.|.................------......---....---- | |.| |... -----..|..^.........| ----..---.....| |.-----------------.----..........-------------....--- |.................<..)).)..........................| --..------------..*----....---....-----..----.-....| ---- --..[.||....| |....| |...--....-...| --...|--.*-- --.--- |.............| |..-- ---- --- --.------------ ---- --- Amaryllis the Cutpurse Experience level: 5 Strength: 15 Dexterity: 18 Constitution: 14 Intelligence: 9 Wisdom: 9 Charisma: 9 Health: 38(38) Energy: 22(22) Def: 11 Gold: 2 Moves: 1455 Dungeon seed: jC1Y3YPZzyfPi3Ii Game ID: Amaryllis_1506121596 Your Inventory: Coins $ - 2 gold pieces Weapons a - a +0 short sword b - 15 +0 daggers (in quiver) h - a +0 orcish dagger o - 11 +0 crossbow bolts w - a cursed +0 dagger (weapon in hand) Armor n - an uncursed +0 dwarvish cloak (being worn) q - an uncursed +0 pair of iron shoes (being worn) y - an uncursed +0 dwarvish mithril-coat (being worn) z - an uncursed +0 dwarvish roundshield (being worn) Scrolls j - an uncursed scroll of identify k - an uncursed scroll of fire Potions c - an uncursed potion of sickness i - an uncursed potion of sleeping l - an uncursed potion of water s - an uncursed potion of gain energy Rings x - an uncursed ring of warning Tools d - an uncursed lock pick f - an uncursed oil lamp (0:1249) g - an uncursed sack m - an uncursed leash t - an uncursed leash u - a cursed wax candle (0:400) C - an uncursed brass lantern (0:1210) Spells and supernatural/magical abilities: Name Level Category Fail Memory W - pray for help -- divine ? -- Your skills at the end: Fighting Skills wands [Basic] Weapon Skills dagger [Basic] short sword [Skilled] Spellcasting Skills Final Attributes: You were piously aligned. You were telepathic. You were stealthy. You survived. Vanquished creatures: a rock piercer 4 gnome lords 3 gnomish wizards a straw golem a floating eye 2 kittens 5 dwarves a kobold shaman a hobbit a large kobold 18 gnomes a jackal 3 foxes 2 goblins a grid bug 2 lichens 6 newts 53 creatures vanquished. Voluntary challenges: You were an atheist. You used a wielded weapon 82 times, starting on turn 27. You were illiterate. You never genocided any monsters. You never polymorphed an object. You never changed form. You used no wishes. You never split a pudding. You never wrote Elbereth's name. You never violated your personal moral code. Dungeon overview: The Dungeons of Doom: levels 1 to 2 Level 1 a fountain a long staircase Level 2 a fountain stairs to The Gnomish Mines The Gnomish Mines: levels 3 to 5 Level 3 stairs to The Dungeons of Doom Level 4 <- You were here Level 5 many shops, a temple to Issek, some fountains History has recorded: On T:1 you entered the Dungeons of Doom to retrieve the Amulet of Yendor! On T:238 you reached level 2 of The Dungeons of Doom. On T:366 you reached level 1 of The Gnomish Mines. On T:371 you advanced to experience level 2. On T:459 you advanced to experience level 3. On T:495 you advanced to experience level 4. On T:703 you reached level 2 of The Gnomish Mines. On T:768 you advanced to experience level 5. On T:942 you reached level 3 of The Gnomish Mines. Score breakdown: Gold: 2 ( 1623 points) Experience: 5 levels (11141 points) Exploration: 5 levels ( 10.20%) ( 8660 points) Discoveries: 5 items ( 1.66%) ( 3866 points) Valuables value: (no points given unless you survive) Artifact value: 0 ( 0 points) Variety of kills: 17 monsters ( 4.44%) ( 6320 points) Turncount: 1455 turns ( 0 points) Survival: quit (score multiplied by 90%) Total score: 28449 Latest messages: Eating deep fried food made your fingers very slippery. Your fingers feels less slippery "Hello, Amaryllis! Welcome to Maganasipi's general store!" Maganasipi talks about the problem of shoplifters. (3x) You are beginning to feel hungry. A - a carrot. This carrot is delicious! You finish eating the carrot. You see here a black gem. You are beginning to feel hungry. You miss the kobold shaman. You hit the kobold shaman. (2x) You miss the kobold shaman. (2x) The kobold shaman casts a spell! The sleep ray hits you! You wake up. You miss the kobold shaman. (2x) You hit the kobold shaman! You kill the kobold shaman! There are a few objects here. The goblin misses. You hit the goblin. You kill the goblin! You are beginning to feel weak. Final status: Goodbye Amaryllis the Rogue, quit... You quit in The Gnomish Mines on dungeon level 4 with 28449 points, and 2 pieces of gold, after 1455 moves. You were level 5 with a maximum of 38 hit points when you quit.